 Dungeon Crawl Stone Soup version 0.25-a0-489-g9ae84a01e3 (webtiles) character file.

Game seed: 10570933305449584060, levelgen mode: deterministic

18400 Brozuf the Nimble (level 12, -13/76 HPs)
             Began as a Deep Elf Conjurer on Feb 11, 2020.
             Was an Elder of Vehumet.
             Killed from afar by a rime drake (34 damage)
             ... with a flash freeze
             ... on level 6 of the Lair of Beasts.
             The game lasted 00:50:23 (15835 turns).

Brozuf the Nimble (Deep Elf Conjurer)              Turns: 15835, Time: 00:50:23

Health: -13/76     AC:  8    Str:  9    XL:     12   Next: 27%
Magic:  28/35      EV: 20    Int: 24    God:    Vehumet [****..]
Gold:   551        SH:  0    Dex: 15    Spells: 13/27 levels left

rFire    . . .     SeeInvis .   A - +8 falchion of Hospitality {vorpal, +Fly Int+2}
rCold    . . .     Gourm    .   (no shield)
rNeg     . . .     Faith    .   H - +0 troll leather armour
rPois    +         Spirit   .   (no helmet)
rElec    .         Reflect  .   w - +0 cloak
rCorr    .         Harm     .   Q - +1 pair of gloves
MR       +....                  (no boots)
Stlth    +++.......             b - amulet of the acrobat
HPRegen  0.62/turn              W - ring of magical power
MPRegen  0.24/turn              U - ring of poison resistance

@: no status effects
A: no striking features
a: Renounce Religion, Evoke Flight


You were on level 6 of the Lair of Beasts.
You worshipped Vehumet.
Vehumet was greatly pleased with you.
You were not hungry.

You visited 2 branches of the dungeon, and saw 15 of its levels.

You collected 772 gold pieces.
You spent 221 gold pieces at shops.

Inventory:

Hand Weapons
 y - a +1 dagger of venom
   (You took it off an orc wizard on level 7 of the Dungeon)
 A - the +8 falchion of Hospitality (weapon) {vorpal, +Fly Int+2}
   (You found it on level 5 of the Dungeon)

   It inflicts extra damage upon your enemies.
   It affects your intelligence (+2).
   It lets you fly.
 T - a +0 long sword of holy wrath
   (You found it on level 1 of the Lair of Beasts)
Armour
 w - a +0 cloak (worn)
   (You found it on level 6 of the Dungeon)
 H - a +0 troll leather armour (worn)
   (You found it on level 9 of the Dungeon)
 L - a +1 robe of cold resistance
   (You took it off Fannar on level 10 of the Dungeon)
 Q - a +1 pair of gloves (worn)
   (You found it on level 10 of the Dungeon)
Magical Staves
 N - an uncursed staff of cold
   (You took it off Fannar on level 10 of the Dungeon)
Jewellery
 b - an amulet of the acrobat (around neck)
   (You found it on level 5 of the Dungeon)
 l - an uncursed ring of protection from magic
   (You bought it in a shop on level 8 of the Dungeon)
 o - an uncursed ring of protection from cold
   (You found it on level 2 of the Dungeon)
 F - a cursed amulet of inaccuracy {unknown}
   (You found it on level 8 of the Dungeon)
 M - a cursed amulet of inaccuracy {unknown}
   (You found it on level 10 of the Dungeon)
 U - a ring of poison resistance (right hand)
   (You found it on level 2 of the Lair of Beasts)
 W - a ring of magical power (left hand)
   (You found it on level 3 of the Lair of Beasts)
Wands
 c - a wand of disintegration (14)
   (You found it on level 3 of the Lair of Beasts)
 d - a wand of iceblast (6)
   (You found it on level 2 of the Lair of Beasts)
 t - a wand of flame (12)
   (You took it off a kobold on level 6 of the Dungeon)
 u - a wand of paralysis (5)
   (You took it off an orc on level 7 of the Dungeon)
 v - a wand of digging (13)
   (You found it on level 7 of the Dungeon)
 J - a wand of enslavement (8)
   (You found it on level 9 of the Dungeon)
Scrolls
 a - 2 scrolls of remove curse {@r2}
 g - a scroll of holy word {unknown}
 h - a scroll of teleportation {@r4}
 j - a scroll of immolation {!r}
 n - a scroll of fear {unknown}
 q - 2 scrolls of amnesia {unknown}
 B - a scroll of fog {unknown}
 C - a scroll of random uselessness {unknown}
 D - 2 scrolls of summoning {unknown}
 E - 2 scrolls of enchant armour
 G - 3 scrolls of magic mapping
 O - 4 scrolls of enchant weapon {unknown}
 S - a scroll of vulnerability {unknown}
 V - 2 scrolls of blinking {unknown}
Potions
 f - 5 potions of flight
 i - a potion of mutation {!q}
 k - a potion of curing {@q1}
 p - 3 potions of resistance
 r - a potion of might
 s - 5 potions of brilliance
 x - 2 potions of lignification {!q}
 z - 2 potions of agility
 I - 2 potions of haste {@q3}
 P - a potion of invisibility {unknown}
 R - a potion of berserk rage {unknown}
Miscellaneous
 K - a phantom mirror
Comestibles
 e - 14 rations {!d}
 m - 5 chunks of flesh


   Skills:
 + Level 9.3 Fighting
 - Level 6.0 Armour
 + Level 13.2 Dodging
 - Level 6.0 Stealth
 - Level 8.0 Spellcasting
 - Level 10.0 Conjurations


You had 13 spell levels left.
You knew the following spells:

 Your Spells              Type           Power        Failure   Level  Hunger
a - Magic Dart            Conj           ####         1%          1    None
b - Dazzling Flash        Conj/Hex       ####..       1%          3    None
c - Apportation           Tloc           #.....       9%          1    None
f - Mephitic Cloud        Conj/Pois/Air  ####....     1%          3    None
s - Searing Ray           Conj           ######       1%          2    None
x - Iskenderun's Mystic   Conj/Tloc      ####....     3%          4    ##.....

Your spell library contained the following spells:

 Spells                   Type           Power        Failure   Level  Hunger
 Bolt of Magma            Conj/Fire/Erth ####......   16%         5    #####..
 Fulminant Prism          Conj/Hex       ####......   3%          4    ##.....
 Summon Butterflies       Summ           #.......     9%          1    None
 Lesser Beckoning         Tloc           #.........   26%         3    None
 Tukima's Dance           Hex            #.......     26%         3    None
 Alistair's Intoxication  Tmut/Pois      #.......     93%         5    #####..
 Invisibility             Hex            #.......     100%        6    ######.


Dungeon Overview and Level Annotations

Branches:
Dungeon (10/15)            Temple (0/1) D:7            Lair (6/6) D:8
 Spider (0/4) Lair:2
  Swamp: Lair:2-4    Shoals: Lair:2-4     Slime: Lair:5-6       Orc: D:9-12

Altars:
Cheibriados
Dithmenos
Elyvilon
Hepliaklqana
Makhleb
Okawaru
Uskayaw
Vehumet
Zin

Shops:
D:5 (   D:8 *

Annotations:
D:9 Erolcha
Lair:3 Prince Ribbit


Message History

A crocodile comes into view.
A spiny frog comes into view.
The catoblepas breathes a plume of calcifying dust at you.
The blast of calcifying dust hits you.
* * * LOW HITPOINT WARNING * * *
The catoblepas moves out of view.
Found a ring mail.
Unknown command.
The crocodile completely misses you.
You riposte.
You hit the crocodile.
The catoblepas breathes a plume of calcifying dust at you.
The blast of calcifying dust hits the crocodile.
The blast of calcifying dust hits you.
* * * LOW HITPOINT WARNING * * *
Unknown command.
The crocodile is engulfed in calcifying dust.
The crocodile is moving more slowly.
The crocodile completely misses you.
You riposte.
You slash the crocodile!
Found 18 stones.
As you read the scroll of teleportation {@r4}, it crumbles to dust.
You feel strangely unstable.
The crocodile is engulfed in calcifying dust.
The crocodile stops moving altogether!
The hippogriff is engulfed in calcifying dust.
The hippogriff is moving more slowly.
The crocodile is engulfed in calcifying dust.
Unknown command.
Unknown command.
The crocodile is engulfed in calcifying dust. x2
The crocodile is engulfed in calcifying dust.
The catoblepas closely misses you.
You riposte.
You hit the catoblepas.
The hippogriff stops moving altogether!
The crocodile is engulfed in calcifying dust. x2
Your surroundings suddenly seem different.
A dream sheep comes into view.
The dream sheep bleats!
A yak comes into view.
The yak bellows!
A dream sheep comes into view.
The dream sheep bleats!
You hear a bleat!
A crocodile comes into view.
A dream sheep comes into view. x2
A yak comes into view.
The dream sheep shake their wool and sparkle.
You feel drowsy...
You fall asleep.
A dream sheep comes into view.
A yak comes into view. x2
A rime drake comes into view.
The dream sheep bleats!
The yak bellows!
Found 5 atropa-tipped darts.
You wake up.
The rime drake hisses angrily.
The rime drake breathes ice at you. The flash freeze hits you!!
You die...

## .....k
.#P.## ......
....#.# #......
......Y#.......
......PP.......
......Y........
#....(.Y.......
#....@.......
##P..........
#####.Y.....
Y.Y.... t.YY...
....... .......
.Y.....


You could see 4 yaks, a rime drake, a crocodile and 5 dream sheep.

Vanquished Creatures
  Fannar (D:10)
  2 hydras
  2 two-headed ogres (D:10)
  Pikel (D:9)
  Joseph (Lair:1)
  A black mamba (Lair:2)
  A torpor snail (Lair:1)
  3 spiny frogs
  A komodo dragon (D:8)
  2 trolls (D:9)
  A polar bear (Lair:3)
  Grinder (D:5)
  6 blink frogs
  A wraith (D:10)
  18 yaks
  A hungry ghost (D:7)
  8 porcupines
  15 water moccasins
  2 black bears (D:8)
  6 orc warriors
  A phantom (D:8)
  2 slaves (D:9)
  6 ogres
  2 ice beasts
  8 wolves
  2 centaurs
  3 crocodiles
  14 bullfrogs
  A wyvern zombie (D:8)
  3 scorpions
  7 killer bees
  2 howler monkeys
  A centaur zombie (D:5)
  6 crimson imps
  A bullfrog zombie (D:9)
  A quasit (D:6)
  A jelly (D:6)
  A bullfrog skeleton (D:10)
  5 orc priests
  2 centaur skeletons
  A hound (D:6)
  4 iguanas
  7 orc wizards
  7 worker ants
  A hound skeleton (D:4)
  A howler monkey skeleton (D:7)
  9 adders
  A shadow imp (D:9)
  An adder skeleton (D:4)
  5 worms
  3 dart slugs
  7 leopard geckos
  60 orcs
  6 giant cockroaches
  6 goblins
  6 hobgoblins
  8 jackals
  7 kobolds
  3 quokkas
  A ball python (D:3)
  5 bats
  3 frilled lizards
  A jackal skeleton (D:5)
  A quokka zombie (D:7)
  5 rats
302 creatures vanquished.

Vanquished Creatures (others)
  A black mamba (Lair:5)
  27 fungi (D:8)
  7 plants
35 creatures vanquished.

Grand Total: 337 creatures vanquished

Notes
Turn   | Place    | Note
-------+----------+-------------------------------------------
     0 | D:1      | Brozuf the Deep Elf Conjurer began the quest for the Orb.
     0 | D:1      | Reached XP level 1. HP: 10/10 MP: 6/6
   667 | D:1      | You fall into a shaft and drop 1 floor!
   758 | D:2      | Reached XP level 2. HP: 15/15 MP: 6/8
   877 | D:2      | Learned a level 2 spell: Searing Ray
   904 | D:2      | Reached skill level 3 in Dodging
   904 | D:2      | Reached skill level 5 in Conjurations
   904 | D:2      | Reached XP level 3. HP: 19/19 MP: 5/10
  1835 | D:2      | Reached XP level 4. HP: 24/24 MP: 8/11
  2769 | D:3      | Reached XP level 5. HP: 28/28 MP: 10/13
  2844 | D:3      | Learned a level 3 spell: Dazzling Flash
  2935 | D:3      | Reached skill level 4 in Dodging
  3628 | D:3      | Reached XP level 6. HP: 25/33 MP: 11/15
  4068 | D:4      | Reached skill level 5 in Spellcasting
  4080 | D:4      | Reached skill level 1 in Fighting
  5075 | D:5      | Entered Level 5 of the Dungeon
  5188 | D:5      | Found Leqos's Weapon Shoppe.
  5215 | D:4      | Reached XP level 7. HP: 34/38 MP: 5/17
  5507 | D:5      | Noticed Grinder
  5513 | D:5      | Killed Grinder
  5513 | D:5      | Reached skill level 5 in Dodging
  5853 | D:5      | Got a polished falchion
  6401 | D:6      | Reached XP level 8. HP: 45/45 MP: 16/19
  6721 | D:6      | Reached skill level 6 in Dodging
  6802 | D:6      | Found a radiant altar of Vehumet.
  7147 | D:6      | Found a hazy altar of Hepliaklqana.
  7162 | D:6      | Found a glowing silver altar of Zin.
  7166 | D:6      | Found a hide-covered altar of Uskayaw.
  7179 | D:6      | Found a snail-covered altar of Cheibriados.
  7181 | D:6      | Found an iron altar of Okawaru.
  7267 | D:6      | Became a worshipper of Vehumet
  7496 | D:6      | Identified the +8 falchion of Hospitality {vorpal, +Fly
                  | Int+2} (You found it on level 5 of the Dungeon)
  7598 | D:7      | Found a staircase to the Ecumenical Temple.
  7977 | D:7      | Found a white marble altar of Elyvilon.
  8149 | D:7      | Reached XP level 9. HP: 52/52 MP: 19/22
  8788 | D:8      | Reached skill level 7 in Dodging
  8814 | D:8      | Reached * piety under Vehumet
  8814 | D:8      | Offered knowledge of Freeze by Vehumet.
  9058 | D:8      | Reached skill level 10 in Conjurations
  9358 | D:8      | Found a staircase to the Lair.
  9365 | D:8      | Reached skill level 8 in Dodging
  9443 | D:8      | Found Ymuumae's Assorted Antiques.
  9476 | D:8      | Bought a scroll labeled KOUMUOVIOS for 28 gold pieces
  9476 | D:8      | Bought a scroll labeled LAUMOLL ZOCEL for 28 gold pieces
  9476 | D:8      | Bought a sedimented orange potion for 25 gold pieces
  9689 | D:8      | Offered knowledge of Sandblast by Vehumet.
  9691 | D:8      | Reached ** piety under Vehumet
  9761 | D:8      | Reached skill level 5 in Stealth
  9763 | D:8      | Reached skill level 5 in Fighting
  9979 | D:8      | Found a shadowy altar of Dithmenos.
 10307 | D:9      | Found a hide-covered altar of Uskayaw.
 10414 | D:9      | Noticed a troll
 10420 | D:9      | Killed a troll
 10420 | D:9      | Reached XP level 10. HP: 43/59 MP: 18/24
 10554 | D:9      | Reached skill level 9 in Dodging
 10956 | D:9      | Noticed Erolcha
 11030 | D:8      | Bought a runed ivory ring for 140 gold pieces
 11226 | D:9      | Noticed Pikel
 11401 | D:9      | Reached skill level 1 in Armour
 11408 | D:9      | Killed Pikel
 11408 | D:9      | Reached skill level 10 in Dodging
 11414 | D:9      | Offered knowledge of Mephitic Cloud by Vehumet.
 11531 | D:9      | Found a burning altar of Makhleb.
 11904 | D:10     | Entered Level 10 of the Dungeon
 11904 | D:10     | Noticed a two-headed ogre
 12252 | D:10     | Learned a level 3 spell: Mephitic Cloud
 12339 | D:10     | Killed a two-headed ogre
 12339 | D:10     | Reached *** piety under Vehumet
 12417 | D:10     | Noticed a two-headed ogre
 12428 | D:10     | Killed a two-headed ogre
 12428 | D:10     | Reached XP level 11. HP: 38/67 MP: 14/25
 12526 | D:10     | Noticed Fannar
 12637 | D:10     | Killed Fannar
 12637 | D:10     | Reached skill level 11 in Dodging
 13147 | Lair:1   | Entered Level 1 of the Lair of Beasts
 13258 | Lair:1   | Learned a level 1 spell: Apportation
 13362 | Lair:1   | Noticed Joseph
 13442 | Lair:1   | Killed Joseph
 13442 | Lair:1   | Offered knowledge of Ignite Poison by Vehumet.
 13801 | Lair:1   | Reached skill level 5 in Armour
 13916 | Lair:1   | You fall into a shaft and drop 1 floor!
 14005 | Lair:2   | Noticed a seven-headed hydra
 14025 | Lair:2   | Learned a level 4 spell: Iskenderun's Mystic Blast
 14036 | Lair:2   | Killed a seven-headed hydra
 14036 | Lair:2   | Reached skill level 12 in Dodging
 14053 | Lair:2   | Found a hole to the Spider Nest.
 14221 | Lair:2   | Reached **** piety under Vehumet
 14595 | Lair:2   | Got an ancient halberd
 14666 | Lair:2   | Reached XP level 12. HP: 75/75 MP: 21/26
 14847 | Lair:2   | You fall into a shaft and drop 1 floor!
 14956 | Lair:3   | Noticed a six-headed hydra
 14974 | Lair:3   | Killed a six-headed hydra
 15503 | Lair:3   | Noticed Prince Ribbit
 15513 | Lair:3   | Reached skill level 13 in Dodging
 15769 | Lair:3   | You fall into a shaft and drop 2 floors!
 15789 | Lair:6   | Entered Level 6 of the Lair of Beasts
 15802 | Lair:5   | Noticed a five-headed hydra
 15803 | Lair:5   | Offered knowledge of Bolt of Magma by Vehumet.
 15824 | Lair:5   | You fall into a shaft and drop 1 floor!
 15827 | Lair:6   | Noticed a catoblepas
 15835 | Lair:6   | Killed from afar by a rime drake

Levels and vault maps discovered:
D:1:      minmay_arrival_glassed_features, layout_basic, minivault_25
D:2:      layout_rooms, first_ration
D:3:      layout_basic
D:4:      minmay_angry_zag, layout_loops_ring
D:5:      layout_loops_ring, serial_shops, shop, uniq_grinder
D:6:      layout_loops_cross, minmay_overflow_temple_star_hex,
          vehumet_altar_wand_db
D:7:      layout_basic, minmay_temple_entry_mini_moons, basic_altar
D:8:      layout_rooms, lemuel_doored_altar, due_lair_maze_entry_diamond,
          special_room [special_room_orc], serial_shops, shop
D:9:      layout_roguey, kennysheep_mini_moat, basic_altar, uniq_pikel,
          uniq_erolcha
D:10:     layout_roguey, grunt_ministairs_14, uniq_fannar
Lair:1:   layout_cave_shapes, kennysheep_snail_temple, uniq_joseph
Lair:2:   layout_long_grid, spider_nest_entry_a
Lair:3:   wad_woods_structure_01, layout_cave_pods, uniq_sonja,
          uniq_prince_ribbit2, uniq_urug
Lair:5:   layout_concentric_octagons, dpeg_slime_entry_enclosed_altar,
          grunt_forest_large_clearings
Lair:6:   gammafunk_lair_ancient_temple, layout_hall_layers

Skill      XL: |  1  2  3  4  5  6  7  8  9 10 11 12 |
---------------+-------------------------------------+-----
Dodging        | 3 4 5 6 8 10 12 13 | 13.2
Conjurations   | 5 6 7 8 9 10 | 10.0
Spellcasting   | 4 5 6 7 8 |  8.0
Fighting       | 1 2 3 5 7 8 9 |  9.3
Stealth        | 5 6 |  6.0
Armour         | 3 6 |  6.0

Action                   |  1- 3 |  4- 6 |  7- 9 | 10-12 || total
-------------------------+-------+-------+-------+-------++-------
Melee: Dagger            |     3 |     3 |       |     4 ||    10
       Falchion          |       |       |     4 |    10 ||    14
Throw: Stone             |       |     1 |       |       ||     1
 Cast: Magic Dart        |    55 |    98 |   143 |    94 ||   390
       Searing Ray       |     2 |    16 |    65 |   112 ||   195
       Dazzling Flash    |       |       |     1 |    12 ||    13
       Iskenderun's Myst |       |       |       |     7 ||     7
       Mephitic Cloud    |       |       |       |     1 ||     1
Evoke: Wand              |       |       |     2 |     7 ||     9
  Use: Scroll            |       |    12 |     3 |     6 ||    21
 Stab: Invisible         |       |       |       |     1 ||     1
  Eat: Chunk             |     3 |     8 |    14 |    17 ||    42
       Ration            |       |     1 |       |       ||     1
Armor: Robe              |       |     5 |     3 |     1 ||     9
       Troll leather arm |       |       |       |    27 ||    27
Dodge: Dodged            |     3 |    31 |    58 |   227 ||   319
       Rpst.: Falchion   |       |       |    14 |    52 ||    66

Table legend:
 A = Non-vault XP
 B = Vault XP
 C = Vault XP percentage of total XP
 D = Non-vault monster count
 E = Vault monster count
 F = Vault count percentage of total count
                 A         B        C        D         E       F
            +---------+---------+-------+---------+---------+-------
      Total |   20386 |    5900 |  22.4 |     253 |      47 |  15.7
            +---------+---------+-------+---------+---------+-------
        D:1 |      26 |       0 |   0.0 |      13 |       0 |   0.0
        D:2 |      88 |       0 |   0.0 |      22 |       0 |   0.0
        D:3 |     272 |       0 |   0.0 |      37 |       0 |   0.0
        D:4 |     279 |      73 |  20.7 |      15 |       2 |  11.8
        D:5 |     396 |     262 |  39.8 |      12 |       1 |   7.7
        D:6 |     492 |       1 |   0.2 |      11 |       1 |   8.3
        D:7 |    1137 |       0 |   0.0 |      22 |       0 |   0.0
        D:8 |    1894 |    1480 |  43.9 |      21 |      34 |  61.8
        D:9 |    2137 |     663 |  23.7 |      27 |       1 |   3.6
       D:10 |    2875 |    1896 |  39.7 |      22 |       2 |   8.3
     Lair:1 |    2838 |     920 |  24.5 |      18 |       2 |  10.0
     Lair:2 |    5229 |       0 |   0.0 |      22 |       0 |   0.0
     Lair:3 |    2236 |     250 |  10.1 |       7 |       1 |  12.5
     Lair:5 |     330 |     355 |  51.8 |       3 |       3 |  50.0
     Lair:6 |     157 |       0 |   0.0 |       1 |       0 |   0.0
            +---------+---------+-------+---------+---------+-------
